AoeStats
← Elbenmain`23`

Arabia

507682535Analyzed
1v1 RM · 12d ago on Sep 19, 2026· 33m 29s· 2 players
Game mode
Random Map
Map size
Tiny (2 player)
Population
200
Speed
Normal
Resources
Standard
Victory
Conquest
Starting age
Dark Age
Ending age
Imperial Age
RankedLock teamsTeams togetherTeam positionsShared explorationLock speedFull tech treeHidden civsTurbo modeCheats
Victory
Defeat
🇩🇪 Ethiopians · Germany
1119
+16
🇩🇪 Britons · Germany
1114
-16
Elbenmain`23`
7:11 Loom
9:19 Feudal Age
9:54 Double-Bit Axe
10:02 Man-at-Arms
14:59 Fletching
21:06 Castle Age
19:11 Horse Collar
19:25 Gold Mining
21:27 Scale Mail Armor
22:44 Bow Saw
23:55 Heavy Plow
24:20 Long Swordsman
25:25 Forging
27:17 Stone Mining
29:40 Wheelbarrow
32:42 Scale Barding Armor
MRKijantscho
3:09 Loom
11:43 Feudal Age
12:20 Double-Bit Axe
12:17 Horse Collar
13:35 Wheelbarrow
16:22 Fletching
16:32 Padded Archer Armor
19:09 Town Watch
20:32 Gold Mining
25:24 Castle Age
25:18 Scale Mail Armor
25:28 Crossbowman
25:30 Elite Skirmisher
26:28 Bodkin Arrow
27:30 Ballistics
28:26 Squires
29:41 Leather Archer Armor
29:38 Forging
32:33 Arson
Connection lost

Rejoining the realm…

Still unreachable

The connection could not be restored.

Session expired

The server has moved on; the page needs a fresh start.